NCAA
PENN STATE NITTANY LIONS @ VANDERBILT COMMODORES
05/08/2023
 
TOP OF THE 1ST
Penn State Nittany Lions batting - Pitching for Vanderbilt Commodores : RHP Reggie McClure
Pitching: RHP Reggie McClure
Batting: LHB Andrew Russell 0-0: Bunt for hit - play at first, batter OUT! 1-3
Batting: RHB Bob Cole 0-0: Ball
1-0: Called Strike
1-1: Ball
2-1: Ball
3-1: Swinging Strike
3-2: Base on Balls
Batting: RHB Raúl Ruíz 0-0: Ball
1-0: Ball
2-0: Called Strike
Bob Cole is caught stealing 2nd base
2-1: SINGLE (Groundball, 6M)
Batting: RHB Tom Gordon 0-0: Ball
1-0: Called Strike
1-1: Ball
2-1: Ground out 4-3 (Groundball, 4)
Top of the 1st over - 0 run(s), 1 hit(s), 0 error(s), 1 left on base; Penn State 0 - Vanderbilt 0
BOTTOM OF THE 1ST
Vanderbilt Commodores batting - Pitching for Penn State Nittany Lions : RHP Kel Rosewarne
Pitching: RHP Kel Rosewarne
Batting: LHB Robbie Turner 0-0: Foul Ball, location: 2F
0-1: Swinging Strike
0-2: Ball
1-2: Ball
2-2: Foul Ball, location: 2F
2-2: Foul Ball, location: 2F
2-2: Foul Ball, location: 2F
2-2: Ball
3-2: Foul Ball, location: 2F
3-2: Strikes out swinging
Batting: RHB José Vargas 0-0: Called Strike
0-1: Ball
1-1: Ball
2-1: Called Strike
2-2: Ball
3-2: Foul Ball, location: 2F
3-2: Fly out, F7 (Popup, 7S)
Batting: SHB Marvin López 0-0: Ball
1-0: Ball
2-0: Ball
3-0: Base on Balls
Batting: RHB Troy Reed 0-0: Ball
1-0: Called Strike
1-1: Foul Ball, location: 2F
1-2: SINGLE (Groundball, 56D)
Marvin López to second
Batting: SHB David Jones 0-0: Foul Ball, location: 2F
0-1: Ball
1-1: Foul Ball, location: 2F
1-2: Foul Ball, location: 2F
1-2: Strikes out looking
Bottom of the 1st over - 0 run(s), 1 hit(s), 0 error(s), 2 left on base; Penn State 0 - Vanderbilt 0
TOP OF THE 2ND
Penn State Nittany Lions batting - Pitching for Vanderbilt Commodores : RHP Reggie McClure
Batting: RHB William Rogers 0-0: Ball
1-0: Foul Ball, location: 2F
1-1: Called Strike
1-2: Strikes out swinging
Batting: SHB Jim Gibson 0-0: Ball
1-0: Ground out 4-3 (Groundball, 4)
Batting: RHB Jim Anderson 0-0: Foul Ball, location: 2F
0-1: Ball
1-1: Ball
2-1: SINGLE (Flyball, 89S)
Batting: RHB Johnny Hood 0-0: Ball
1-0: Called Strike
1-1: Ball
2-1: Called Strike
2-2: DOUBLE (Flyball, 78M)
Jim Anderson to third
Runner from 3rd tries for Home, SAFE, throw made home
Pinch Runner at 2nd Sergio Gonzáles:
Batting: RHB Tony Jones 0-0: Fly out, F8 (Flyball, 8RM)
Top of the 2nd over - 1 run(s), 2 hit(s), 0 error(s), 1 left on base; Penn State 1 - Vanderbilt 0
BOTTOM OF THE 2ND
Vanderbilt Commodores batting - Pitching for Penn State Nittany Lions : RHP Kel Rosewarne
Now in RF: Sergio Gonzáles
Batting: SHB Claudio Ramírez 0-0: Ball
1-0: Ball
2-0: Ball
3-0: Base on Balls
Batting: RHB Bob Carr 0-0: Called Strike
0-1: Fly out, F8 (Flyball, 8LM)
Batting: RHB Andy Toledo 0-0: Ball
1-0: Swinging Strike
1-1: Fielders Choice at 2nd, 5-4 (Groundball, 56)
Batting: LHB Will Holt 0-0: Ball
1-0: Called Strike
1-1: Foul Ball, location: 2F
1-2: Ground out 4-3 (Groundball, 34)
Bottom of the 2nd over - 0 run(s), 0 hit(s), 0 error(s), 1 left on base; Penn State 1 - Vanderbilt 0
TOP OF THE 3RD
Penn State Nittany Lions batting - Pitching for Vanderbilt Commodores : RHP Reggie McClure
Batting: LHB Andrew Russell 0-0: Called Strike
0-1: Ball
1-1: Ball
2-1: Ball
3-1: Reached on error, E5 (Groundball, 5L)
Batting: RHB Bob Cole 0-0: Ball
1-0: Ball
2-0: Called Strike
2-1: Fly out, F8 (Flyball, 8LM)
Batting: RHB Raúl Ruíz 0-0: Ball
1-0: Called Strike
1-1: Ball
2-1: Ball
3-1: Foul Ball, location: 2F
3-2: Strikes out looking
Batting: RHB Tom Gordon 0-0: Ball
1-0: Ball
2-0: Ball
3-0: Base on Balls
Andrew Russell to second
Batting: RHB William Rogers 0-0: Called Strike
0-1: Ball
1-1: Ball
2-1: Foul Ball, location: 2F
2-2: Foul Ball, location: 2F
2-2: Ball
3-2: Foul Ball, location: 2F
3-2: Fly out, F6 (Popup, 56)
Top of the 3rd over - 0 run(s), 0 hit(s), 1 error(s), 2 left on base; Penn State 1 - Vanderbilt 0
BOTTOM OF THE 3RD
Vanderbilt Commodores batting - Pitching for Penn State Nittany Lions : RHP Kel Rosewarne
Batting: LHB Robbie Turner 0-0: SINGLE (Flyball, 89M)
Batting: RHB José Vargas 0-0: Ball
1-0: Called Strike
1-1: Ball
2-1: Ball
3-1: Swinging Strike
3-2: Strikes out looking
Batting: SHB Marvin López 0-0: Ball
1-0: Ball
2-0: Called Strike
2-1: Ball
3-1: Foul Ball, location: 2F
3-2: Base on Balls
Robbie Turner to second
Batting: RHB Troy Reed 0-0: Called Strike
0-1: Foul Ball, location: 2F
0-2: Ball
1-2: Foul Ball, location: 2F
1-2: Ball
2-2: SINGLE (Line Drive, 34D)
Robbie Turner to third
Marvin López to second
Runner from 3rd tries for Home, SAFE, no throw or cutoff
Batting: SHB David Jones 0-0: Fly out, F8 (Flyball, 8LM)
Batting: SHB Claudio Ramírez 0-0: Ball
1-0: DOUBLE (Flyball, 78XD)
Marvin López scores
Troy Reed to third
Runner from 3rd tries for Home, throw and OUT!
Bottom of the 3rd over - 2 run(s), 3 hit(s), 0 error(s), 1 left on base; Penn State 1 - Vanderbilt 2
TOP OF THE 4TH
Penn State Nittany Lions batting - Pitching for Vanderbilt Commodores : RHP Reggie McClure
Batting: SHB Jim Gibson 0-0: Called Strike
0-1: Ball
1-1: Foul Ball, location: 2F
1-2: Ball
2-2: Strikes out swinging
Batting: RHB Jim Anderson 0-0: Ball
1-0: Ball
2-0: Fly out, F9 (Flyball, 89M)
Batting: RHB Sergio Gonzáles 0-0: Ball
1-0: Reached on error, E3 (Groundball, 3S)
Batting: RHB Tony Jones 0-0: Ball
1-0: Called Strike
1-1: Swinging Strike
1-2: Ball
2-2: Foul Ball, location: 2F
2-2: SINGLE (Groundball, 34D)
Sergio Gonzáles to second
Runner from 2nd tries for 3rd, SAFE, no throw or cutoff
Batting: LHB Andrew Russell 0-0: Swinging Strike
0-1: Ball
1-1: Swinging Strike
1-2: Ball
2-2: Strikes out swinging
Top of the 4th over - 0 run(s), 1 hit(s), 1 error(s), 2 left on base; Penn State 1 - Vanderbilt 2
BOTTOM OF THE 4TH
Vanderbilt Commodores batting - Pitching for Penn State Nittany Lions : RHP Kel Rosewarne
Batting: RHB Bob Carr 0-0: Called Strike
0-1: Ground out 6-3 (Groundball, 6)
Batting: RHB Andy Toledo 0-0: Fly out, F7 (Flyball, 7M)
Batting: LHB Will Holt 0-0: Swinging Strike
0-1: Fly out, F7 (Popup, 78S)
Bottom of the 4th over - 0 run(s), 0 hit(s), 0 error(s), 0 left on base; Penn State 1 - Vanderbilt 2
TOP OF THE 5TH
Penn State Nittany Lions batting - Pitching for Vanderbilt Commodores : RHP Reggie McClure
Batting: RHB Bob Cole 0-0: Called Strike
0-1: Foul Ball, location: 2F
0-2: Foul Ball, location: 2F
0-2: Ball
1-2: Ball
2-2: Foul Ball, location: 2F
2-2: Ground out 5-3 (Groundball, 56)
Pitching: LHP Larry Watson
Batting: RHB Raúl Ruíz 0-0: Ball
1-0: Ball
2-0: Fly out, F4 (Popup, 34)
Batting: RHB Tom Gordon 0-0: Foul Ball, location: 2F
0-1: Swinging Strike
0-2: Ball
1-2: Foul Ball, location: 2F
1-2: Foul Ball, location: 2F
1-2: Ball
2-2: Strikes out swinging
Top of the 5th over - 0 run(s), 0 hit(s), 0 error(s), 0 left on base; Penn State 1 - Vanderbilt 2
BOTTOM OF THE 5TH
Vanderbilt Commodores batting - Pitching for Penn State Nittany Lions : RHP Kel Rosewarne
Batting: LHB Robbie Turner 0-0: Ground out 2-3 (Groundball, 2L)
Batting: RHB José Vargas 0-0: Fly out, F8 (Flyball, 8LD)
Batting: SHB Marvin López 0-0: Ground out 6-3 (Groundball, 6)
Bottom of the 5th over - 0 run(s), 0 hit(s), 0 error(s), 0 left on base; Penn State 1 - Vanderbilt 2
TOP OF THE 6TH
Penn State Nittany Lions batting - Pitching for Vanderbilt Commodores : LHP Larry Watson
Batting: RHB William Rogers 0-0: Foul Ball, location: 2F
0-1: Foul Ball, location: 2F
0-2: SINGLE (Line Drive, 89S)
Batting: SHB Jim Gibson 0-0: Ball
1-0: Called Strike
1-1: Ball
2-1: Ball
3-1: Base on Balls
William Rogers to second
Batting: RHB Jim Anderson 0-0: Ground out U3 (Groundball, 3S)
William Rogers to third
Jim Gibson to second
Batting: RHB Sergio Gonzáles 0-0: Ball
1-0: Called Strike
1-1: Ground out 3-1 (Groundball, 3L)
Batting: RHB Tony Jones 0-0: Fly out, F3 (Popup, 3SF)
Top of the 6th over - 0 run(s), 1 hit(s), 0 error(s), 2 left on base; Penn State 1 - Vanderbilt 2
BOTTOM OF THE 6TH
Vanderbilt Commodores batting - Pitching for Penn State Nittany Lions : RHP Kel Rosewarne
Batting: RHB Troy Reed 0-0: Called Strike
0-1: Called Strike
0-2: Ball
1-2: Foul Ball, location: 2F
1-2: Strikes out looking
Batting: SHB David Jones 0-0: Swinging Strike
0-1: Foul Ball, location: 2F
0-2: Ball
1-2: Strikes out swinging
Batting: SHB Claudio Ramírez 0-0: Called Strike
0-1: Fly out, F6 (Popup, 6M)
Bottom of the 6th over - 0 run(s), 0 hit(s), 0 error(s), 0 left on base; Penn State 1 - Vanderbilt 2
TOP OF THE 7TH
Penn State Nittany Lions batting - Pitching for Vanderbilt Commodores : LHP Larry Watson
Batting: LHB Andrew Russell 0-0: Ball
1-0: Called Strike
1-1: Ball
2-1: Fly out, F8 (Flyball, 8LM)
Pitching: RHP Javier Contreras
Batting: RHB Bob Cole 0-0: Ball
1-0: Foul Ball, location: 2F
1-1: Foul Ball, location: 2F
1-2: Strikes out swinging
Batting: RHB Raúl Ruíz 0-0: Ball
1-0: Ball
2-0: Swinging Strike
2-1: Ball
3-1: Base on Balls
Batting: RHB Tom Gordon 0-0: Ball
1-0: Swinging Strike
1-1: Ball
2-1: Foul Ball, location: 2F
2-2: Ball
3-2: Foul Ball, location: 2F
3-2: Base on Balls
Raúl Ruíz to second
Batting: RHB William Rogers 0-0: Ball
1-0: Ball
2-0: Called Strike
2-1: Foul Ball, location: 2F
2-2: SINGLE (Flyball, 9LS)
Raúl Ruíz to third
Tom Gordon to second
Runner from 3rd tries for Home, throw and OUT!
Top of the 7th over - 0 run(s), 1 hit(s), 0 error(s), 2 left on base; Penn State 1 - Vanderbilt 2
BOTTOM OF THE 7TH
Vanderbilt Commodores batting - Pitching for Penn State Nittany Lions : RHP Kel Rosewarne
Pitching: LHP Bryce Johnston
Batting: RHB Bob Carr 0-0: Called Strike
0-1: DOUBLE (Line Drive, 7LM)
Batting: RHB Andy Toledo 0-0: Intentional Walk
Pinch Hitting: RHB Dalton Gray 0-0: Ball
1-0: Ball
2-0: Ball
3-0: Base on Balls
Bob Carr to third
Andy Toledo to second
Batting: LHB Robbie Turner 0-0: Ball
1-0: Swinging Strike
1-1: SINGLE (Line Drive, 34)
Bob Carr scores
Andy Toledo to third
Dalton Gray to second
Batting: RHB José Vargas 0-0: Ball
1-0: Swinging Strike
1-1: Ball
2-1: SINGLE (Line Drive, 4MD)
Andy Toledo scores
Dalton Gray to third
Robbie Turner to second
Runner from 3rd tries for Home, SAFE, throw made home
Robbie Turner to third
José Vargas to second
Pitching: RHP John Miller
Batting: SHB Marvin López 0-0: Ball
1-0: Foul Ball, location: 2F
1-1: Swinging Strike
1-2: Strikes out swinging
Batting: RHB Troy Reed 0-0: Intentional Walk
Batting: SHB David Jones 0-0: Fly out, F2 (Popup, 2RF)
Batting: SHB Claudio Ramírez 0-0: Foul Ball, location: 2F
0-1: Foul Ball, location: 2F
0-2: Ball
1-2: Foul Ball, location: 2F
1-2: Foul Ball, location: 2F
1-2: Foul Ball, location: 2F
1-2: Strikes out swinging
Bottom of the 7th over - 3 run(s), 3 hit(s), 0 error(s), 3 left on base; Penn State 1 - Vanderbilt 5
TOP OF THE 8TH
Penn State Nittany Lions batting - Pitching for Vanderbilt Commodores : RHP Javier Contreras
Now at 2B: Dalton Gray
Batting: SHB Jim Gibson 0-0: Called Strike
0-1: Ball
1-1: Ground out 4-3 (Groundball, 34)
Batting: RHB Jim Anderson 0-0: SINGLE (Groundball, 4MD)
Batting: RHB Sergio Gonzáles 0-0: Called Strike
0-1: SINGLE (Flyball, 89S)
Jim Anderson to second
Pitching: RHP Wilson Ruíz
Batting: RHB Tony Jones 0-0: Swinging Strike
0-1: Ball
1-1: Ball
2-1: 3-RUN HOME RUN (Line Drive, 9D), Distance : 366 ft
Pitching: LHP Al Fullerton
Batting: LHB Andrew Russell 0-0: Ball
1-0: Ball
2-0: Ground out 6-3 (Groundball, 6M)
Pitching: RHP Octávio Gómez
Batting: RHB Bob Cole 0-0: SINGLE (Groundball, 4D)
Batting: RHB Raúl Ruíz 0-0: Ball
Wild Pitch!
Bob Cole to second
1-0: Swinging Strike
1-1: Ball
2-1: Foul Ball, location: 2F
2-2: Foul Ball, location: 2F
2-2: Ball
3-2: Base on Balls
Batting: RHB Tom Gordon 0-0: Called Strike
0-1: Fielders Choice at 2nd, 6-4 (Groundball, 6MS)
Top of the 8th over - 3 run(s), 4 hit(s), 0 error(s), 1 left on base; Penn State 4 - Vanderbilt 5
BOTTOM OF THE 8TH
Vanderbilt Commodores batting - Pitching for Penn State Nittany Lions : RHP John Miller
Batting: RHB Bob Carr 0-0: Fly out, F7 (Flyball, 78M)
Batting: RHB Andy Toledo 0-0: Ball
1-0: Called Strike
1-1: Foul Ball, location: 2F
1-2: Foul Ball, location: 2F
1-2: Ball
2-2: Ball
3-2: Foul Ball, location: 2F
3-2: Foul Ball, location: 2F
3-2: Foul Ball, location: 2F
3-2: Foul Ball, location: 2F
3-2: Base on Balls
Batting: RHB Dalton Gray 0-0: Foul Ball, location: 2F
0-1: Called Strike
0-2: Ball
1-2: Foul Ball, location: 2F
1-2: Fly out, F8 (Flyball, 8RM)
Batting: LHB Robbie Turner 0-0: Foul Ball, location: 2F
0-1: Ball
1-1: Called Strike
1-2: Foul Ball, location: 2F
1-2: Strikes out swinging
Bottom of the 8th over - 0 run(s), 0 hit(s), 0 error(s), 1 left on base; Penn State 4 - Vanderbilt 5
TOP OF THE 9TH
Penn State Nittany Lions batting - Pitching for Vanderbilt Commodores : RHP Octávio Gómez
Pitching: RHP Alan Ford
Batting: RHB William Rogers 0-0: Foul Ball, location: 2F
0-1: Ball
1-1: Swinging Strike
1-2: Ball
2-2: Ball
3-2: Strikes out looking
Batting: SHB Jim Gibson 0-0: Ball
1-0: SOLO HOME RUN (Flyball, 89XD), Distance : 388 ft
Batting: RHB Jim Anderson 0-0: Ball
1-0: Called Strike
1-1: Foul Ball, location: 2F
1-2: Ball
2-2: Ball
3-2: Strikes out looking
Batting: RHB Sergio Gonzáles 0-0: Ball
1-0: Called Strike
1-1: Ball
2-1: Foul Ball, location: 2F
2-2: Foul Ball, location: 2F
2-2: Strikes out swinging
Top of the 9th over - 1 run(s), 1 hit(s), 0 error(s), 0 left on base; Penn State 5 - Vanderbilt 5
BOTTOM OF THE 9TH
Vanderbilt Commodores batting - Pitching for Penn State Nittany Lions : RHP John Miller
Batting: RHB José Vargas 0-0: SINGLE (Groundball, 56D)
Batting: SHB Marvin López 0-0: Ball
1-0: Called Strike
1-1: Grounds into double play, 4-6-3 (Groundball, 4)
Batting: RHB Troy Reed 0-0: Called Strike
0-1: Ball
1-1: Swinging Strike
1-2: SINGLE (Line Drive, 34)
Batting: SHB David Jones 0-0: Ball
1-0: SINGLE (Groundball, 56D)
Troy Reed to second
Batting: SHB Claudio Ramírez 0-0: Called Strike
0-1: Foul Ball, location: 2F
0-2: Ball
1-2: Ball
2-2: Ball
3-2: Strikes out swinging
Bottom of the 9th over - 0 run(s), 3 hit(s), 0 error(s), 2 left on base; Penn State 5 - Vanderbilt 5
TOP OF THE 10TH
Penn State Nittany Lions batting - Pitching for Vanderbilt Commodores : RHP Alan Ford
Batting: RHB Tony Jones 0-0: Called Strike
0-1: Ball
1-1: Ball
2-1: Ball
3-1: Foul Ball, location: 2F
3-2: Base on Balls
Batting: LHB Andrew Russell 0-0: Bunted foul
0-1: Bunted foul
0-2: Ball
1-2: Foul Ball, location: 2F
1-2: Hit by Pitch
Tony Jones to second
Batting: RHB Bob Cole 0-0: Called Strike
0-1: Ball
1-1: Ball
2-1: Foul Ball, location: 2F
2-2: Fly out, F6 (Popup, 6MD)
Batting: RHB Raúl Ruíz 0-0: Ball
1-0: Called Strike
1-1: Ball
2-1: Foul Ball, location: 2F
2-2: Foul Ball, location: 2F
2-2: Ball
3-2: Base on Balls
Tony Jones to third
Andrew Russell to second
Batting: RHB Tom Gordon 0-0: Ball
1-0: SINGLE (Line Drive, 89S)
Tony Jones scores
Andrew Russell to third
Raúl Ruíz to second
Runner from 3rd tries for Home, throw and OUT!
Pitching: RHP Luis Chapa
Batting: RHB William Rogers 0-0: Ball
1-0: Called Strike
1-1: DOUBLE (Groundball, 5L)
Raúl Ruíz scores
Tom Gordon to third
Batting: SHB Jim Gibson 0-0: Ball
1-0: Called Strike
1-1: Ball
2-1: Ball
3-1: Swinging Strike
3-2: Foul Ball, location: 2F
3-2: SINGLE (Line Drive, 4M)
Tom Gordon scores
William Rogers to third
William Rogers scores
Batting: RHB Jim Anderson 0-0: Fly out, F4 (Popup, 4)
Top of the 10th over - 4 run(s), 3 hit(s), 0 error(s), 1 left on base; Penn State 9 - Vanderbilt 5
BOTTOM OF THE 10TH
Vanderbilt Commodores batting - Pitching for Penn State Nittany Lions : RHP John Miller
Pitching: RHP Fernando Peña
Now at SS: Jeff Davis
Batting: RHB Bob Carr 0-0: Ball
1-0: Ground out 6-3 (Groundball, 6M)
Batting: RHB Andy Toledo 0-0: Ball
1-0: SINGLE (Groundball, 13) (infield hit)
Batting: RHB Dalton Gray 0-0: Ball
1-0: Called Strike
1-1: Swinging Strike
1-2: Ball
2-2: Strikes out swinging
Batting: LHB Robbie Turner 0-0: Called Strike
0-1: Called Strike
0-2: Ball
1-2: Ball
2-2: Fly out, F8 (Flyball, 8RM)
Bottom of the 10th over - 0 run(s), 1 hit(s), 0 error(s), 1 left on base; Penn State 9 - Vanderbilt 5
This league is powered by Out of the Park Baseball, the baseball management simulation game for PC, Mac and Linux
Wednesday, December 2nd, 2015 - OOTP Baseball 16.8 Build 38